 Dungeon Crawl Stone Soup version 0.21-a0-331-gfb491b4 (webtiles) character file.

1231 tidbits the Charmwright (level 8, -12/64 HPs)
             Began as a Gnoll Skald on Oct 2, 2017.
             Mangled by an ogre
             ... wielding a +0 giant club
              (14 damage)
             ... on level 6 of the Dungeon.
             The game lasted 00:10:05 (1625 turns).

tidbits the Charmwright (Gnoll Skald)               Turns: 1625, Time: 00:10:06

Health: -12/64     AC: 11    Str: 14    XL:     8   Next: 48%
Magic:  6/26       EV: 13    Int: 18    God:
Gold:   246        SH:  3    Dex: 14    Spells: 8/19 levels left

rFire    . . .     SeeInvis .   a - +0 hand axe
rCold    . . .     Gourm    .   (no shield)
rNeg     . . .     Faith    .   B - +2 ring mail {rPois}
rPois    +         Spirit   .   E - +0 helmet
rElec    .         Reflect  +   C - +0 cloak
rCorr    .         Harm     .   (no gloves)
MR       .....                  F - +0 pair of boots
Stlth    ++........             y - +3 amulet of reflection
HPRegen  1.20/turn              e - ring of magical power
MPRegen  0.20/turn              (no ring)

@: singing, flying, regenerating
A: distributed training, fangs 1, strong nose
a: no special abilities


You were on level 6 of the Dungeon.
You were not hungry.

You visited 1 branch of the dungeon, and saw 6 of its levels.

You collected 246 gold pieces.

Inventory:

Hand Weapons
 a - a +0 hand axe (weapon)
 k - a +1 falchion of electrocution
   (You found it on level 2 of the Dungeon)
Missiles
 u - 79 arrows
 w - 5 tomahawks (quivered)
Armour
 B - a +2 ring mail of poison resistance (worn)
   (You found it on level 1 of the Dungeon)
 C - a +0 cloak (worn)
 E - a +0 helmet (worn)
 F - a +0 pair of boots (worn)
Magical Staves
 z - an uncursed staff of cold {unknown}
   (You found it on level 5 of the Dungeon)
Jewellery
 e - a ring of magical power (left hand)
   (You found it on level 1 of the Dungeon)
 h - an uncursed ring of ice
   (You found it on level 1 of the Dungeon)
 y - a +3 amulet of reflection (around neck)
   (You found it on level 4 of the Dungeon)
Scrolls
 b - 5 scrolls of identify {unknown}
 g - a scroll of remove curse {unknown}
 j - a scroll of fear {unknown}
 l - 2 scrolls of enchant weapon {unknown}
 n - a scroll of recharging {unknown}
 p - a scroll of magic mapping {unknown}
 q - 2 scrolls of teleportation {unknown}
 s - 3 scrolls of fog {unknown}
Potions
 f - a potion of heal wounds {unknown}
 i - a potion of haste
 m - a potion of invisibility {unknown}
 o - a potion of curing
 r - a potion of ambrosia {unknown}
 v - a potion of flight
 A - a potion of lignification {unknown}
Books
 c - a book of Battle

   Spells                             Type                      Level
   a - Infusion                       Charms                       1
   b - Shroud of Golubria             Charms/Translocation         2
   c - Song of Slaying                Charms                       2
   d - Spectral Weapon                Hexes/Charms                 3
   e - Regeneration                   Charms/Necromancy            3
Comestibles
 d - 2 bread rations
 t - 4 chunks of flesh
 x - 2 royal jellies


   Skills:
 + Level 5.6 Fighting
 + Level 3.2 Short Blades
 + Level 3.2 Long Blades
 + Level 5.6 Axes
 + Level 3.2 Maces & Flails
 + Level 3.2 Polearms
 + Level 3.2 Staves
 + Level 3.2 Slings
 + Level 3.2 Bows
 + Level 3.2 Crossbows
 + Level 3.2 Throwing
 + Level 4.2 Armour
 + Level 5.6 Dodging
 + Level 3.2 Stealth
   Level 0.0 Stabbing
 + Level 3.2 Shields
   Level 0.0 Traps
 + Level 3.2 Unarmed Combat
 + Level 6.0 Spellcasting
 + Level 3.2 Conjurations
 + Level 3.2 Hexes
 + Level 7.3 Charms
 + Level 3.2 Summonings
 + Level 3.2 Necromancy
 + Level 3.2 Translocations
 + Level 3.2 Transmutations
 + Level 3.2 Fire Magic
 + Level 3.2 Ice Magic
 + Level 3.2 Air Magic
 + Level 3.2 Earth Magic
 + Level 3.2 Poison Magic
 + Level 3.2 Invocations
 + Level 3.2 Evocations


You had 8 spell levels left.
You knew the following spells:

 Your Spells              Type           Power        Failure   Level  Hunger
g - Shroud of Golubria    Chrm/Tloc      ###.......   3%          2    None
i - Infusion              Chrm           ####         1%          1    None
r - Regeneration          Chrm/Necr      ###.......   8%          3    ##.....
w - Spectral Weapon       Hex/Chrm       ###.....     8%          3    ##.....
y - Song of Slaying       Chrm           ####....     1%          2    None


Dungeon Overview and Level Annotations

Branches:
Dungeon (6/15)
 Temple: D:4-7

Altars:
Qazlal
Trog
Wu Jian
Yredelemnul


Innate Abilities, Weirdness & Mutations

Your experience applies equally to all skills.
You have very sharp teeth.
Your uncanny sense of smell can sniff out nearby items.


Message History

b - 5 scrolls labeled YSAAGI WITZIFF (gained 1)
An orc wizard comes into view. It is wielding a dagger.
Found 3 fruits.
Found a bloodstained altar of Trog.
The orc wizard shouts!
You hear a shout! x2
An orc comes into view. It is wielding a dagger.
A centaur zombie comes into view.
Casting: Spectral Weapon
Confirm with . or Enter, or press ? or * to list all spells.
You draw out your weapon's spirit!
Casting: Spectral Weapon
Confirm with . or Enter, or press ? or * to list all spells.
You start singing a song of slaying.
You hear a shout! x2
You hit the orc wizard.
The orc wizard is heavily wounded.
Your spectral weapon barely misses the orc wizard.
The orc wizard misses you.
You closely miss the orc wizard.
The orc wizard is heavily wounded.
Your spectral weapon barely misses the orc wizard.
Your spectral weapon hits the centaur zombie!
The centaur zombie closely misses your spectral weapon.
The orc wizard miscasts a cantrip.
You hit the orc wizard. Your punch misses the orc wizard.
The orc wizard is severely wounded.
You hear an angry hiss.
Your spectral weapon hits the orc wizard.
You kill the orc wizard!
Your spectral weapon hits the centaur zombie.
The centaur zombie misses you.
An ogre comes into view. It is wielding a giant club.
Casting: Song of Slaying
Confirm with . or Enter, or press ? or * to list all spells.
Your skin crawls.
The orc hits your spectral weapon but does no damage.
The ogre moves out of view.
The centaur zombie hits you but does no damage.
An orc comes into view.
You slash the centaur zombie!
The centaur zombie is heavily damaged.
Your spectral weapon hits the centaur zombie.
Your spectral weapon hits the orc but does no damage.
The orc hits your spectral weapon with a dagger.
Your spectral weapon shares its damage with you!
The centaur zombie hits you but does no damage.
The orc moves out of view.
You hit the centaur zombie but do no damage.
The centaur zombie is heavily damaged.
Your spectral weapon hits the centaur zombie.
Your spectral weapon closely misses the orc.
The centaur zombie closely misses your spectral weapon.
The orc hits your spectral weapon with a dagger.
Your spectral weapon shares its damage with you!
The centaur zombie hits your spectral weapon.
Your spectral weapon shares its damage with you!
Your ring mail prevents you from hitting the centaur zombie.
The centaur zombie is severely damaged.
Your spectral weapon hits the centaur zombie.
Your spectral weapon hits the orc but does no damage.
The orc hits your spectral weapon with a dagger.
The centaur zombie hits you but does no damage.
You hit the centaur zombie but do no damage.
You bite the centaur zombie.
The centaur zombie is severely damaged.
Your spectral weapon hits the centaur zombie.
Your spectral weapon hits the orc but does no damage.
Your spectral weapon closely misses the leopard gecko.
The orc completely misses your spectral weapon.
The leopard gecko bites your spectral weapon.
Your spectral weapon shares its damage with you!
The centaur zombie closely misses your spectral weapon.
The orc hits your spectral weapon but does no damage.
You slash the centaur zombie!
You destroy the centaur zombie!
The leopard gecko bites your spectral weapon.
Your spectral weapon shares its damage with you!
The leopard gecko misses your spectral weapon.
The orc hits your spectral weapon but does no damage.
An orc comes into view. It is wielding a club.
You hit the ogre.
The ogre is lightly wounded.
Your spectral weapon hits the ogre.
Your spectral weapon hits the orc.
Your spectral weapon hits the leopard gecko.
The ogre hits you with a giant club!
* * * LOW HITPOINT WARNING * * *
The orc moves out of view.
The leopard gecko barely misses your spectral weapon.
The orc hits your spectral weapon with a dagger.
Your spectral weapon shares its damage with you!
Your spectral weapon fades away.
* * * LOW HITPOINT WARNING * * *
Casting: Regeneration
Confirm with . or Enter, or press ? or * to list all spells.
You draw out your weapon's spirit!
The ogre hits you with a giant club!!
* * * LOW HITPOINT WARNING * * *
It was a potion of flight.
You feel very buoyant.
You fly up into the air.
You block the leopard gecko's attack. The ogre hits you with a giant club!
You die...

#
#...#######†......l....
............)#.#......#.
#.#.###.....)..........
###...#...######.#.....#
.......<### ####...##..
###.#.### #.....## .. #
##[...###.###....
.....##.l.......%
##..(@Oo.....#.
#.####o####... # .... ..
.....# ......# .._.....
.o.....#.. ∆....#..


You could see an ogre, 2 orcs, a leopard gecko and a friendly spectral hand axe.

Vanquished Creatures
  Grinder (D:4)
  An orc warrior (D:6)
  A necrophage (D:6)
  2 ogres
  A centaur (D:6)
  A scorpion (D:4)
  A centaur zombie (D:6)
  A jelly (D:6)
  A bullfrog skeleton (D:4)
  A hound (D:2)
  An orc priest (D:5)
  Natasha (thrice) (D:3)
  4 orc wizards
  3 worker ants (D:4)
  2 hound skeletons (D:3)
  A worker ant zombie (D:6)
  5 adders
  An adder skeleton (D:3)
  3 worms
  3 dart slugs
  A leopard gecko (D:1)
  11 orcs
  A giant cockroach (D:4)
  3 goblins
  6 hobgoblins
  2 jackals (D:5)
  6 quokkas
  A ball python (D:2)
  3 bats (D:2)
  2 frilled lizards (D:2)
  7 kobolds
  4 leopard gecko skeletons (D:3)
  A quokka skeleton (D:3)
  6 rats
91 creatures vanquished.

Vanquished Creatures (others)
  2 spectral weapons (D:6)
2 creatures vanquished.

Grand Total: 93 creatures vanquished

Notes
Turn   | Place    | Note
-------+----------+-------------------------------------------
     0 | D:1      | tidbits the Gnoll Skald began the quest for the Orb.
     0 | D:1      | Reached XP level 1. HP: 20/20 MP: 6/6
   164 | D:2      | Reached XP level 2. HP: 26/26 MP: 7/7
   180 | D:2      | Learned a level 2 spell: Song of Slaying
   183 | D:2      | Learned a level 2 spell: Shroud of Golubria
   338 | D:2      | Reached skill level 5 in Spellcasting
   338 | D:2      | Reached XP level 3. HP: 31/31 MP: 9/9
   343 | D:2      | Learned a level 3 spell: Regeneration
   347 | D:2      | Learned a level 3 spell: Spectral Weapon
   394 | D:2      | Reached skill level 1 in Short Blades
   394 | D:2      | Reached skill level 1 in Long Blades
   394 | D:2      | Reached skill level 1 in Maces & Flails
   394 | D:2      | Reached skill level 1 in Polearms
   394 | D:2      | Reached skill level 1 in Staves
   394 | D:2      | Reached skill level 1 in Slings
   394 | D:2      | Reached skill level 1 in Bows
   394 | D:2      | Reached skill level 1 in Crossbows
   394 | D:2      | Reached skill level 1 in Throwing
   394 | D:2      | Reached skill level 1 in Stealth
   394 | D:2      | Reached skill level 1 in Shields
   394 | D:2      | Reached skill level 1 in Unarmed Combat
   394 | D:2      | Reached skill level 1 in Conjurations
   394 | D:2      | Reached skill level 1 in Hexes
   394 | D:2      | Reached skill level 1 in Summonings
   394 | D:2      | Reached skill level 1 in Necromancy
   394 | D:2      | Reached skill level 1 in Translocations
   394 | D:2      | Reached skill level 1 in Transmutations
   394 | D:2      | Reached skill level 1 in Fire Magic
   394 | D:2      | Reached skill level 1 in Ice Magic
   394 | D:2      | Reached skill level 1 in Air Magic
   394 | D:2      | Reached skill level 1 in Earth Magic
   394 | D:2      | Reached skill level 1 in Poison Magic
   394 | D:2      | Reached skill level 1 in Invocations
   394 | D:2      | Reached skill level 1 in Evocations
   435 | D:2      | Found an ornate altar of the Wu Jian Council.
   458 | D:2      | Reached XP level 4. HP: 31/38 MP: 11/11
   565 | D:3      | Found a basalt altar of Yredelemnul.
   662 | D:4      | Reached XP level 5. HP: 40/43 MP: 12/12
   724 | D:3      | Reached skill level 3 in Armour
   729 | D:3      | Noticed Natasha
   734 | D:3      | Killed Natasha
   810 | D:3      | Noticed Natasha
   826 | D:3      | Killed Natasha
   826 | D:3      | Reached XP level 6. HP: 48/50 MP: 13/13
   944 | D:3      | Noticed Natasha
   955 | D:3      | Killed Natasha
   955 | D:3      | Reached skill level 5 in Fighting
   955 | D:3      | Reached skill level 5 in Axes
   955 | D:3      | Reached skill level 5 in Dodging
   986 | D:3      | Reached skill level 2 in Short Blades
   986 | D:3      | Reached skill level 2 in Long Blades
   986 | D:3      | Reached skill level 2 in Maces & Flails
   986 | D:3      | Reached skill level 2 in Polearms
   986 | D:3      | Reached skill level 2 in Staves
   986 | D:3      | Reached skill level 2 in Slings
   986 | D:3      | Reached skill level 2 in Bows
   986 | D:3      | Reached skill level 2 in Crossbows
   986 | D:3      | Reached skill level 2 in Throwing
   986 | D:3      | Reached skill level 2 in Stealth
   986 | D:3      | Reached skill level 2 in Shields
   986 | D:3      | Reached skill level 2 in Unarmed Combat
   986 | D:3      | Reached skill level 2 in Conjurations
   986 | D:3      | Reached skill level 2 in Hexes
   986 | D:3      | Reached skill level 2 in Summonings
   986 | D:3      | Reached skill level 2 in Necromancy
   986 | D:3      | Reached skill level 2 in Translocations
   986 | D:3      | Reached skill level 2 in Transmutations
   986 | D:3      | Reached skill level 2 in Fire Magic
   986 | D:3      | Reached skill level 2 in Ice Magic
   986 | D:3      | Reached skill level 2 in Air Magic
   986 | D:3      | Reached skill level 2 in Earth Magic
   986 | D:3      | Reached skill level 2 in Poison Magic
   986 | D:3      | Reached skill level 2 in Invocations
   986 | D:3      | Reached skill level 2 in Evocations
  1102 | D:4      | Noticed Grinder
  1134 | D:4      | Killed Grinder
  1134 | D:4      | Reached skill level 7 in Charms
  1134 | D:4      | Reached XP level 7. HP: 27/56 MP: 11/15
  1182 | D:5      | Entered Level 5 of the Dungeon
  1324 | D:4      | Found a stormy altar of Qazlal.
  1571 | D:6      | Reached XP level 8. HP: 57/63 MP: 16/16
  1581 | D:6      | Reached skill level 3 in Short Blades
  1581 | D:6      | Reached skill level 3 in Long Blades
  1581 | D:6      | Reached skill level 3 in Maces & Flails
  1581 | D:6      | Reached skill level 3 in Polearms
  1581 | D:6      | Reached skill level 3 in Staves
  1581 | D:6      | Reached skill level 3 in Slings
  1581 | D:6      | Reached skill level 3 in Bows
  1581 | D:6      | Reached skill level 3 in Crossbows
  1581 | D:6      | Reached skill level 3 in Throwing
  1581 | D:6      | Reached skill level 4 in Armour
  1581 | D:6      | Reached skill level 3 in Stealth
  1581 | D:6      | Reached skill level 3 in Shields
  1581 | D:6      | Reached skill level 3 in Unarmed Combat
  1581 | D:6      | Reached skill level 3 in Conjurations
  1581 | D:6      | Reached skill level 3 in Hexes
  1581 | D:6      | Reached skill level 3 in Summonings
  1581 | D:6      | Reached skill level 3 in Necromancy
  1581 | D:6      | Reached skill level 3 in Translocations
  1581 | D:6      | Reached skill level 3 in Transmutations
  1581 | D:6      | Reached skill level 3 in Fire Magic
  1581 | D:6      | Reached skill level 3 in Ice Magic
  1581 | D:6      | Reached skill level 3 in Air Magic
  1581 | D:6      | Reached skill level 3 in Earth Magic
  1581 | D:6      | Reached skill level 3 in Poison Magic
  1581 | D:6      | Reached skill level 3 in Invocations
  1581 | D:6      | Reached skill level 3 in Evocations
  1591 | D:6      | Reached skill level 6 in Spellcasting
  1608 | D:6      | Found a bloodstained altar of Trog.
  1624 | D:6      | HP: 1/64 [ogre/giant club (24)]
  1625 | D:6      | Mangled by an ogre

Vault maps used:
D:1:      scummos_arrival_simple_fountains, minmay_misc_feat_cross,
          minmay_misc_feat_secret_circle
D:2:      nicolae_overflow_crystal_walls
D:3:      cheibrodos_thug_alley, overflow_temple_1_default, serial_undead,
          serial_undead_c, serial_undead_d, serial_undead_b, serial_undead_e,
          serial_undead_b, uniq_natasha
D:4:      kennysheep_little_box, grunt_ministairs_9, uniq_grinder
D:5:      first_bread
D:6:      old_standard_altar, ashenzari_altar_1

Skill      XL: |  1  2  3  4  5  6  7  8 |
---------------+-------------------------+-----
Spellcasting   | 5 6 |  6.0
Short Blades   | 1 2 3 |  3.2
Long Blades    | 1 2 3 |  3.2
Maces & Flails | 1 2 3 |  3.2
Polearms       | 1 2 3 |  3.2
Staves         | 1 2 3 |  3.2
Slings         | 1 2 3 |  3.2
Bows           | 1 2 3 |  3.2
Crossbows      | 1 2 3 |  3.2
Throwing       | 1 2 3 |  3.2
Stealth        | 1 2 3 |  3.2
Shields        | 1 2 3 |  3.2
Unarmed Combat | 1 2 3 |  3.2
Conjurations   | 1 2 3 |  3.2
Hexes          | 1 2 3 |  3.2
Summonings     | 1 2 3 |  3.2
Necromancy     | 1 2 3 |  3.2
Translocations | 1 2 3 |  3.2
Transmutations | 1 2 3 |  3.2
Fire Magic     | 1 2 3 |  3.2
Ice Magic      | 1 2 3 |  3.2
Air Magic      | 1 2 3 |  3.2
Earth Magic    | 1 2 3 |  3.2
Poison Magic   | 1 2 3 |  3.2
Invocations    | 1 2 3 |  3.2
Evocations     | 1 2 3 |  3.2
Armour         | 3 4 |  4.2
Fighting       | 5 |  5.6
Axes           | 5 |  5.6
Dodging        | 5 |  5.6
Charms         | 7 |  7.3

Action                   |  1- 3 |  4- 6 |  7- 9 || total
-------------------------+-------+-------+-------++-------
Melee: Hand axe          |    48 |   142 |    60 ||   250
       Bite              |     5 |    24 |    10 ||    39
       Punch             |       |       |     1 ||     1
 Cast: Infusion          |     3 |     2 |     3 ||     8
       Song of Slaying   |     4 |     9 |     4 ||    17
       Spectral Weapon   |     1 |     8 |     8 ||    17
       Shroud of Golubri |       |     3 |     2 ||     5
       Regeneration      |       |     3 |     2 ||     5
  Use: Potion            |       |     3 |     1 ||     4
  Eat: Chunk             |       |     2 |     2 ||     4
Armor: Ring mail         |    13 |    53 |    18 ||    84
       Leather armour    |     1 |       |       ||     1
Dodge: Dodged            |    45 |    90 |    44 ||   179
Block: Other             |       |     1 |     5 ||     6

Table legend:
 A = Spawn XP
 B = Non-spawn XP
 C = Spawn XP percentage of total XP
 D = Spawn monster count
 E = Non-spawn monster count
 F = Spawn count percentage of total count
 G = Total turns spent on level
                    A         B        C        D         E        F      G
               +---------+---------+-------+---------+---------+-------+---------
         Total |       0 |    1759 |   0.0 |       0 |      91 |   0.0 |  1625
               +---------+---------+-------+---------+---------+-------+---------
           D:1 |       0 |       9 |   0.0 |       0 |       3 |   0.0 |   243
           D:2 |       0 |     101 |   0.0 |       0 |      20 |   0.0 |   281
           D:3 |       0 |     279 |   0.0 |       0 |      35 |   0.0 |   516
           D:4 |       0 |     640 |   0.0 |       0 |      14 |   0.0 |   360
           D:5 |       0 |      54 |   0.0 |       0 |       6 |   0.0 |   152
           D:6 |       0 |     676 |   0.0 |       0 |      13 |   0.0 |    73
               +---------+---------+-------+---------+---------+-------+---------

Table legend:
 A = Turns spent in this place as a percentage of turns spent in the entire game.
 B = Non-inter-level travel turns spent in this place as a percentage of non-inter-level travel turns spent in the entire game.
 C = Inter-level travel turns spent in this place as a percentage of turns spent in this place.
 D = Turns resting spent in this place as a percentage of non-inter-level travel turns spent in this place.
 E = Turns spent auto-exploring this place as a percentage of non-inter-level travel turns spent in this place.
 F = Non-inter-level travel turns spent in this place divided by the number of levels of this place that you've seen.
                   A       B       C       D       E      F
               +-------+-------+-------+-------+-------+----------------------
         Total | 100.0 | 100.0 |   5.2 |   0.0 |   0.0 | 256.8
       Dungeon | 100.0 | 100.0 |   5.2 |   0.0 |   0.0 | 256.8
               +-------+-------+-------+-------+-------+----------------------

Table legend:
 A = Kills in this place as a percentage of kills in entire the game.
 B = Kills by you in this place as a percentage of kills by you in the entire game.
 C = Kills by friends in this place as a percentage of kills by friends in the entire game.
 D = Other kills in this place as a percentage of other kills in the entire game.
 E = Experience gained in this place as a percentage of experience gained in the entire game.
 F = Experience gained in this place divided by the number of levels of this place that you have seen.
                   A       B       C       D       E      F
               +-------+-------+-------+-------+-------+----------------------
         Total | 100.0 | 100.0 |   N/A |   N/A | 100.0 | 293.2
       Dungeon | 100.0 | 100.0 |   N/A |   N/A | 100.0 | 293.2
               +-------+-------+-------+-------+-------+----------------------

Vault maps used:
D:1:      scummos_arrival_simple_fountains, minmay_misc_feat_cross,
          minmay_misc_feat_secret_circle
D:2:      nicolae_overflow_crystal_walls
D:3:      cheibrodos_thug_alley, overflow_temple_1_default, serial_undead,
          serial_undead_c, serial_undead_d, serial_undead_b, serial_undead_e,
          serial_undead_b, uniq_natasha
D:4:      kennysheep_little_box, grunt_ministairs_9, uniq_grinder
D:5:      first_bread
D:6:      old_standard_altar, ashenzari_altar_1
